 Seeded DCSS version 0.30.1-4-g462c640d31 (webtiles) character file.

Game seed: 6351066067085065685 (custom seed)

61 Esekla the Magician (level 3, -1/17 (19) HPs)
             Began as a Deep Elf Wanderer on Sept 8, 2023.
             Was an Initiate of Vehumet.
             Killed by miscasting Vampiric Draining (9 damage)
             ... on level 5 of the Dungeon.
             The game lasted 00:10:41 (1445 turns).

Esekla the Magician (Deep Elf Wanderer)             Turns: 1445, Time: 00:10:41

HP:   -1/17 (19)    AC:  4    Str: 11    XL:     3   Next: 83%
MP:   3/12          EV: 10    Int: 19    God:    Vehumet [......]
Gold: 139           SH:  3    Dex: 11    Spells: 6/13 levels left

rFire   . . .        a - +1 short sword (freeze)
rCold   . . .        d - +0 buckler
rNeg    . . .        c - +0 robe
rPois   .            k - +0 helmet
rElec   .            (no cloak)
rCorr   .            j - +0 pair of gloves
SInv    .            (no boots)
Will    .....        (no amulet)
Stlth   ++           (no ring)
HPRegen 0.22/turn    (no ring)
MPRegen 0.13/turn

%: no passive effects
@: very slightly contaminated, heavily drained
A: no striking features
a: Renounce Religion


You were on level 5 of the Dungeon.
You worshipped Vehumet.
Vehumet was noncommittal.
You visited 1 branch of the dungeon, and saw 5 of its levels.

You collected 139 gold pieces.

Inventory:

Hand Weapons
 a - a +1 short sword of freezing (weapon)
 s - the +5 rapier of the Hero {heavy, rN+ Dex+3}
   (You found it on level 3 of the Dungeon)

   Dex:       It affects your dexterity (+3).
   rN:        It protects you from negative energy.
Armour
 c - a +0 robe (worn)
 d - a +0 buckler (worn)
 j - a +0 pair of gloves (worn)
 k - a +0 helmet (worn)
Wands
 o - a wand of roots (8)
Scrolls
 g - 3 scrolls of identify {unknown}
 m - a scroll of amnesia {unknown}
 n - a scroll of immolation {unknown}
 q - a scroll of enchant armour {unknown}
Potions
 b - a potion of lignification
 e - a potion of ambrosia {unknown}
 f - 2 potions of curing {unknown}
 h - a potion of heal wounds {unknown}
 i - 2 potions of attraction {unknown}
 l - a potion of mutation {unknown}
 p - a potion of haste {unknown}


   Skills:
 + Level 0.6 Short Blades
 * Level 0.5 Armour
 + Level 0.3 Dodging
 + Level 1.3 Stealth
 + Level 1.5 Shields
 * Level 5.5 Spellcasting
 + Level 0.4 Conjurations
 * Level 1.2 Necromancy
 + Level 2.7 Translocations
 + Level 1.0 Invocations


You had 6 spell levels left.
You knew the following spells:

 Your Spells              Type           Power      Damage    Failure   Level
a - Magic Dart            Conj           24%        1d4       14%         1
b - Blink                 Tloc           30%        N/A       9%          2
d - Vampiric Draining     Necr           10%        2d6       30%         3
p - Apportation           Tloc           30%        N/A       5%          1

Your spell library contained the following spells:

 Spells                   Type           Power      Damage    Failure   Level
 Lesser Beckoning         Tloc           30%        N/A       9%          2
 Ignite Poison            Fire/Tmut/Pois 5%         N/A       45%         3


Dungeon Overview and Level Annotations

Branches:
Dungeon (5/15)
 Temple: D:4-7

Altars:
Hepliaklqana
Okawaru
Qazlal
Trog
Vehumet
Zin

Shops:
D:2 =


Message History

Where to? (? - help)
There is an open door here.
There is a stone staircase leading down here.
You climb downwards.
There is a stone staircase leading up here.
A gnoll comes into view. It is wielding a +0 whip.
Found a scroll labelled POILALU JEHO.
There is a stone staircase leading down here.
You climb downwards.
There is a stone staircase leading up here.
The iguana hisses angrily.
The iguana barely misses you.
You closely miss the iguana. The iguana bites you.
Casting: Magic Dart (safe; 14% risk of failure)
Confirm with . or Enter, or press ? or * to list all spells.
The spell is astonishingly dangerous to miscast (30% risk of failure)!
Continue anyway?
Aiming: Vampiric Draining (astonishingly dangerous; 30% risk of failure)
Press: ? - help, Shift-Dir - straight line, f - iguana
Aim: an iguana You miscast Vampiric Draining.
You are very lightly contaminated with residual magic.
You feel horribly lethargic.
You feel drained. The iguana bites you.
Casting: Vampiric Draining (astonishingly dangerous; 30% risk of failure)
Confirm with . or Enter, or press ? or * to list all spells.
The spell is astonishingly dangerous to miscast (30% risk of failure)!
Continue anyway?
Aiming: Vampiric Draining (astonishingly dangerous; 30% risk of failure)
Press: ? - help, Shift-Dir - straight line, f/p - iguana
Aim: an iguana You draw life force from the iguana!
You feel life coursing into your body. The iguana bites you.
Casting: Vampiric Draining (astonishingly dangerous; 30% risk of failure)
Confirm with . or Enter, or press ? or * to list all spells.
The spell is astonishingly dangerous to miscast (30% risk of failure)!
Continue anyway?
Aiming: Vampiric Draining (astonishingly dangerous; 30% risk of failure)
Press: ? - help, Shift-Dir - straight line, f/p - iguana
Aim: an iguana (heavily wounded)
You miscast Vampiric Draining.
Flickering shadows surround you!
You feel drained.
Ouch! That really hurt!
You die...

.# .# .#
.# # .#
##. .#
#...###l#
#..<@.#
#....#####
#.... ....
... .. #


You could see an iguana.

Vanquished Creatures
  A hound (D:3)
  An adder (D:3)
  A dart slug (D:3)
  3 orcs (D:3)
  An endoplasm (D:3)
  3 goblins
  2 hobgoblins (D:3)
  A ball python (D:3)
  2 bats (D:3)
  A frilled lizard (D:3)
  3 kobolds
19 creatures vanquished.

Notes
Turn   | Place    | Note
-------+----------+-------------------------------------------
     0 | D:1      | Esekla the Deep Elf Wanderer began the quest for the Orb.
     0 | D:1      | Esekla set off with the following items: a +0 club, a
                  | potion of lignification, a +0 robe, a +0 buckler; and the
                  | following spells available to memorise: Apportation, Blink,
                  | Lesser Beckoning, Magic Dart, Ignite Poison, Vampiric
                  | Draining.
     0 | D:1      | Reached XP level 1. HP: 10/10 MP: 7/7
     2 | D:1      | Learned a level 1 spell: Magic Dart
     4 | D:1      | Learned a level 1 spell: Apportation
   352 | D:4      | Found a radiant altar of Vehumet.
   363 | D:4      | Found an iron altar of Okawaru.
   374 | D:4      | Found a glowing silver altar of Zin.
   453 | D:4      | Became a worshipper of Vehumet
   677 | D:3      | Reached XP level 2. HP: 15/15 MP: 3/9
   813 | D:3      | Identified the +5 rapier of the Hero {heavy, rN+ Dex+3}
   829 | D:2      | Found Renulab's Jewellery Shop.
  1001 | D:3      | Found a stormy altar of Qazlal.
  1091 | D:3      | Reached skill level 5 in Spellcasting
  1140 | D:3      | Found a hazy altar of Hepliaklqana.
  1142 | D:3      | Found a bloodstained altar of Trog.
  1153 | D:3      | Reached skill level 1 in Necromancy
  1153 | D:3      | Reached XP level 3. HP: 7/19 MP: 9/11
  1156 | D:3      | Learned a level 2 spell: Blink
  1160 | D:3      | Learned a level 3 spell: Vampiric Draining
  1440 | D:5      | Entered Level 5 of the Dungeon
  1445 | D:5      | Killed by miscasting Vampiric Draining

Illustrated notes

Levels and vault maps discovered:
D:1:      sevenhm_arrival_forest_fort_small_3, layout_rooms,
          chequers_serial_rivers_room_b, minmay_misc_feat_five
D:2:      layout_loops_ring, dreamdust_ecumenical_altar_angels_and_demons,
          serial_shops, shop
D:3:      layout_basic, grunt_temple_overflow_open, minmay_misc_feat_iff
D:4:      layout_basic, nicolae_overflow_quartered_altars, serial_shops,
          nicolae_diamond_shop
D:5:      layout_loops_ring, lemuel_doored_altar, minmay_misc_feat_rows,
          dreamdust_wishing_well

Skill      XL: |  1  2 |
---------------+-------+-----
Spellcasting   | 5 |  5.5
Necromancy     | 1 |  1.2
Short Blades   | |  0.6
Armour         | |  0.5
Dodging        | |  0.3
Stealth        | |  1.3
Shields        | |  1.5
Conjurations   | |  0.4
Translocations | |  2.7
Invocations    | |  1.0

Action                     || total
---------------------------++-------
  Melee: Short sword       ||    45
         Club              ||     4
   Cast: Apportation       ||    28
         Magic Dart        ||    21
         Vampiric Draining ||     2
  Evoke: Wand              ||     1
    Use: Scroll            ||     1
   Stab: Sleeping          ||     1
 Armour: Robe              ||    18
  Dodge: Dodged            ||    38
  Block: Buckler           ||     4
